 Dungeon Crawl Stone Soup version 0.31-a0-1-g4198be8af4 (webtiles) character file.

Game seed: 16140990782388250092

98416 jasper the Warrior (level 15, -1/141 HPs)
             Began as a Green Draconian Earth Elementalist on May 2, 2023.
             Was the Champion of Vehumet.
             Slain by the 27-headed Lernaean hydra (8 damage)
             ... on level 4 of the Swamp.
             The game lasted 00:41:40 (25875 turns).

jasper the Warrior (DrEE)                          Turns: 25875, Time: 00:41:41

Health: -1/141     AC: 20    Str: 10    XL:     15   Next: 74%
Magic:  12/28      EV: 11    Int: 34    God:    Vehumet [******]
Gold:   983        SH: 16    Dex: 13    Spells: 14/33 levels left

rFire   . . .        N - staff of conjuration
rCold   . . .        L - +5 kite shield {AC+3}
rNeg    + . .        (body armour unavailable)
rPois   +            M - +2 hat {Stlth+}
rElec   +            r - +2 cloak {Stlth+}
rCorr   +            J - +0 pair of gloves of Cyfukotu {rElec rN+ rCorr}
SInv    .            R - +1 pair of boots
Will    +....        y - amulet of magic regeneration
Stlth   ++++         t - +6 ring of intelligence
HPRegen 0.43/turn    F - +6 ring of intelligence
MPRegen 0.61/turn

%: no passive effects
@: lethally poisoned (-1 -> -3), slowed, very slow
A: breathe noxious fumes, AC +9, unfitting armour, stinger 1, poison resistance,
cold-blooded, horns 1, wild magic 1
a: Breathe Noxious Fumes, Renounce Religion


You were on level 4 of the Swamp.
You worshipped Vehumet.
Vehumet was exalted by your worship.
You visited 4 branches of the dungeon, and saw 21 of its levels.
You also visited: Sewer, Bailey and Volcano.

You collected 2678 gold pieces.
You spent 1695 gold pieces at shops.

Inventory:

Hand Weapons
 n - a +0 whip
 p - a +2 trident of flaming
Missiles
 o - 2 throwing nets
Armour
 r - a +2 cloak of stealth (worn)
 J - the +0 pair of gloves of Cyfukotu (worn) {rElec rN+ rCorr}
   (You bought it in a shop on level 2 of the Orcish Mines)

   rElec:     It insulates you from electricity.
   rN:        It protects you from negative energy.
   rCorr:     It protects you from acid and corrosion.
 L - a +5 kite shield of protection (worn)
 M - a +2 hat of stealth (worn)
 R - a +1 pair of boots (worn)
Magical Staves
 x - a staff of poison
 N - a staff of conjuration (weapon)
Jewellery
 e - a ring of see invisible
 g - a +6 ring of dexterity
 t - a +6 ring of intelligence (left hand)
 u - a +6 ring of strength
 y - an amulet of magic regeneration (around neck)
 E - a +5 ring of evasion
 F - a +6 ring of intelligence (right hand)
 H - a ring of wizardry
 U - a ring of ice
Wands
 d - a wand of paralysis (10)
 l - a wand of roots (18)
 s - a wand of mindburst (2)
 A - a wand of flame (36)
 I - a wand of polymorph (10)
 K - a wand of digging (7)
 S - a wand of light (5)
Scrolls
 i - 7 scrolls of teleportation
 j - 2 scrolls of magic mapping
 v - a scroll of noise
 w - 2 scrolls of amnesia
 B - 8 scrolls of poison
 G - 4 scrolls of enchant weapon
 O - 3 scrolls of fog
 P - 4 scrolls of immolation
Potions
 a - 2 potions of resistance
 b - 9 potions of haste
 c - 9 potions of curing
 f - 9 potions of attraction
 h - 3 potions of degeneration
 k - 5 potions of flight
 m - 4 potions of cancellation
 z - 2 potions of might
 C - a potion of mutation
 D - a potion of lignification {unknown}
 Q - 3 potions of heal wounds
 T - a potion of brilliance {unknown}


   Skills:
 - Level 15.0 Fighting
 - Level 3.1 Dodging
 - Level 1.7 Stealth
 - Level 11.0 Shields
 + Level 9.7 Spellcasting
 + Level 14.0 Conjurations
 - Level 1.0 Transmutations
 - Level 1.0 Fire Magic
 + Level 14.4 Earth Magic
 - Level 6.0 Poison Magic


You had 14 spell levels left.
You knew the following spells:

 Your Spells              Type           Power      Damage    Failure   Level
a - Sandblast             Erth           100%       2d20      1%          1
b - Passwall              Tmut/Erth      61%        N/A       1%          2
c - Stone Arrow           Conj/Erth      100%       3d13      1%          3
d - Olgreb's Toxic Radia  Pois           65%        N/A       2%          4
e - Ignite Poison         Fire/Tmut/Pois 45%        N/A       3%          3
f - Iron Shot             Conj/Erth      61%        9d11      1%          6

Your spell library contained the following spells:

 Spells                   Type           Power      Damage    Failure   Level
 Eringya's Noxious Bog    Tmut/Pois      25%        N/A       58%         6
 Foxfire                  Conj/Fire      100%       2x1d9     1%          1
 Poisonous Vapours        Pois/Air       94%        N/A       1%          2
 Sticky Flame             Conj/Fire      93%        2d10      1%          4
 Iskenderun's Battlesphe  Conj           100%       2d15      1%          5
 Sting                    Tmut/Pois      100%       1d8       3%          1
 Petrify                  Tmut/Erth      74%        N/A       5%          4
 Volatile Blastmotes      Fire/Tloc      50%        2d14      7%          3
 Slow                     Hex            84%        N/A       12%         1
 Confusing Touch          Hex            21%        N/A       30%         3
 Tukima's Dance           Hex            21%        N/A       30%         3
 Yara's Violent Unravell  Hex/Tmut       12%        3d7       45%         5
 Anguish                  Hex/Necr       10%        N/A       67%         4
 Animate Dead             Necr           21%        N/A       67%         4
 Cause Fear               Hex            10%        N/A       67%         4
 Passage of Golubria      Tloc           21%        N/A       67%         4
 Spellforged Servitor     Conj/Summ      45%        N/A       69%         7
 Dragon Form              Tmut           15%        N/A       100%        7
 Enfeeble                 Hex            10%        N/A       100%        7
 Haunt                    Necr/Summ      10%        N/A       100%        7
 Ignition                 Fire           15%        3d6       100%        8
 Infestation              Necr           10%        N/A       100%        8
 Dragon's Call            Summ           10%        N/A       100%        9
 Fire Storm               Conj/Fire      46%        8d12      100%        9


Dungeon Overview and Level Annotations

Branches:
Dungeon (10/15)            Temple (0/1) D:7            Lair (5/5) D:10
  Swamp (4/4) Lair:3        Snake (0/4) Lair:3        Slime (0/5) Lair:5
    Orc (2/2) D:10            Elf (0/3) Orc:2         Sewer (visited)
 Bailey (visited)         Volcano (visited)

Altars:
Cheibriados
Dithmenos
Elyvilon
Kikubaaqudgha
Makhleb
Nemelex Xobeh
Okawaru
Qazlal
Trog
Uskayaw
Vehumet
Wu Jian
Zin
The Shining One
Jiyva

Shops:
D:4 [[([:   D:6 :   D:7 [   Orc:1 (   Orc:2 *[=(

Portals:
Hell: Lair:5

Annotations:
D:4 1 runed translucent door, hgbash's ghost, amateur GrCj
Swamp:3 2 transporters, exclusion: obsidian statue
Swamp:4 Lernaean hydra


Innate Abilities, Weirdness & Mutations

You can breathe blasts of noxious fumes.
Your lurid green scales are hard. (AC +9)
You cannot fit into any form of body armour.
Your tail ends in a venomous barb.
Your system is resistant to poisons. (rPois)
You are cold-blooded and may be slowed by cold attacks.
You have a pair of small horns on your head.
Your spells are a little harder to cast, but a little more powerful.


Message History

* * * LOW HITPOINT WARNING * * *
The 27-headed Lernaean hydra bites you.
* * * LOW HITPOINT WARNING * * *
The 27-headed Lernaean hydra bites you!
* * * LOW HITPOINT WARNING * * *
The 27-headed Lernaean hydra bites you but does no damage.
The 27-headed Lernaean hydra barely misses you.
The 27-headed Lernaean hydra bites you but does no damage.
You block the 27-headed Lernaean hydra's attack.
You take 73 damage, and have 14/141 hp.
MASSIVE DAMAGE!!
You now have 6/28 mp.
Blink to where?
Press: ? - help, Dir - move target, p - 27-headed Lernaean hydra Splash!
You fall into the shallow water.
Moving in this stuff is going to be slow.
As you read the scroll of blinking, it crumbles to dust.
There is a stone staircase leading up here.
You regained 2 mp, and now have 10/28 mp.
Blink to where?
Press: ? - help, Dir - move target
As you read the scroll of blinking, it crumbles to dust.
You have got your breath back.
The swamp drake breathes poison at you.
The noxious blast engulfs you but does no damage.
You are poisoned.
You resist.
You block the 27-headed Lernaean hydra's attack.
The 27-headed Lernaean hydra bites you.
* * * LOW HITPOINT WARNING * * *
The 27-headed Lernaean hydra barely misses you. x2
The 27-headed Lernaean hydra bites you but does no damage.
The 27-headed Lernaean hydra bites you.
* * * LOW HITPOINT WARNING * * *
The 27-headed Lernaean hydra misses you.
The 27-headed Lernaean hydra completely misses you.
The 27-headed Lernaean hydra bites you but does no damage.
The 27-headed Lernaean hydra bites you.
* * * LOW HITPOINT WARNING * * *
The 27-headed Lernaean hydra bites you!
You die...

..§#...k# #~~~~~~~.....~
8.....(.# #§÷~~~~~~...~~
P.......# #~~.~~~~~~..~
..#...#.## ##†..~§~~~.~~
~....~~~~#####~k~~...~.♣
♣~.~~~~~~k..~.~)~~~.~~♣♣♣♣♣
♣♣♣.~~~k~§....○~○○○†~§♣...♣
♣~~~~~~~..♣♣♣○k○~~~<.~~.♣
♣♣.~~~~...~♣♣○@D○~~~....♣
..♣..♣♣♣.♣♣♣♣○♣♣.~~~...~♣
~~~♣~♣♣ ♣♣♣ ♣♣♣♣~~§..§~.♣
~~~~♣ ♣♣♣~~.~~♣♣ ~. ♣♣♣♣..♣
♣♣♣


You could see the 27-headed Lernaean hydra and 2 swamp drakes.

Vanquished Creatures
  A thorn hunter (Swamp:2)
  Gastronok (Lair:2)
  Kirke (Lair:3)
  2 orc warlords (Orc:2)
  Louise (Swamp:2)
  The ghost of SirDiesAlot the Basher, a journeyman OgBe of Trog (Orc:1)
  An eleionoma (Swamp:3)
  4 bunyips
  A fire dragon (Volcano)
  13 hydras
  A boulder beetle (Lair:5)
  4 alligators
  A hell beast (Lair:5)
  A two-headed ogre (D:10)
  7 death yaks
  Urug (Lair:1)
  8 spriggans
  2 orc high priests (Orc:2)
  2 skysharks
  2 spriggan druids
  4 goliath frogs
  7 bog bodies
  4 lindwurms
  A wizard (Lair:5)
  9 orc knights
  2 swamp dragons
  4 orc sorcerers (Orc:2)
  A will-o-the-wisp (Swamp:2)
  20 elephants
  5 black mambas
  Psyche (D:8)
  5 torpor snails
  Maggie (Lair:1)
  12 cane toads
  An unseen horror (D:10)
  8 komodo dragons
  5 rime drakes
  2 red devils (Lair:5)
  3 bloated husks
  4 ice devils (Lair:5)
  5 polar bears
  A hellwing (Lair:5)
  6 hornets
  7 tyrant leeches
  4 trolls
  23 blink frogs
  8 dream sheep
  A shadow (D:9)
  A wyvern (Lair:3)
  38 yaks
  A human (Lair:3)
  2 basilisks
  17 fire bats (Volcano)
  2 steam dragons
  6 hogs (Lair:3)
  A vampire mosquito (Lair:1)
  10 swamp worms
  3 nagas (Lair:3)
  7 wargs (Orc:1)
  Menkaure (D:4)
  17 water moccasins
  3 hell hounds (Lair:5)
  7 swamp drakes
  42 orc warriors
  2 ice beasts
  2 black bears (D:6)
  A sky beast (D:6)
  A wolf (Lair:2)
  6 ogres
  3 centaurs
  A phantom (D:5)
  A kobold brigand (D:9)
  8 bullfrogs
  4 wights (D:8)
  2 howler monkeys
  8 lava snakes (Volcano)
  8 orc priests
  A gnoll bouda (D:6)
  5 hounds
  7 iguanas
  A sleepcap (D:4)
  10 orc wizards
  A hell rat (Lair:5)
  20 gnolls
  10 adders
  A shadow imp (D:8)
  3 white imps (D:6)
  An ufetubus (D:5)
  2 worms
  3 dart slugs (D:1)
  72 orcs
  16 ball pythons
  9 bats
  15 endoplasms
  14 giant cockroaches
  6 goblins
  8 hobgoblins
  5 jackals
  14 kobolds
  13 quokkas
  13 frilled lizards
  2 rats
  3 briar patches (Swamp:2)
669 creatures vanquished.

Vanquished Creatures (others)
  4 foxfires (Swamp:2)
  26 fungi
  23 plants
53 creatures vanquished.

Grand Total: 722 creatures vanquished

Notes
Turn   | Place    | Note
-------+----------+-------------------------------------------
     0 | D:1      | jasper the Draconian Earth Elementalist began the quest for
                  | the Orb.
     0 | D:1      | Reached XP level 1. HP: 14/14 MP: 3/3
    99 | D:1      | Reached XP level 2. HP: 20/20 MP: 1/5
   735 | D:1      | Reached XP level 3. HP: 25/26 MP: 3/6
   738 | D:1      | Learned a level 2 spell: Passwall
   742 | D:1      | Learned a level 3 spell: Stone Arrow
  1188 | D:2      | Reached skill level 5 in Earth Magic
  1188 | D:2      | Reached XP level 4. HP: 22/33 MP: 3/7
  1652 | D:3      | Reached skill level 1 in Conjurations
  1748 | D:3      | Found a glowing drain.
  1762 | Sewer    | Entered a sewer
  1824 | Sewer    | Reached XP level 5. HP: 38/38 MP: 3/8
  2393 | Sewer    | Reached skill level 1 in Fighting
  2393 | Sewer    | Reached XP level 6. HP: 47/47 MP: 6/10
  2774 | D:3      | Found a radiant altar of Vehumet.
  3077 | D:3      | Found a sparkling altar of Nemelex Xobeh.
  3189 | D:3      | Reached skill level 2 in Fighting
  3682 | D:4      | Found Letrofa's Armour Boutique.
  3882 | D:4      | Your scales start taking on a lurid green colour.
  3882 | D:4      | Reached XP level 7. HP: 10/56 MP: 4/12
  3882 | D:4      | Gained mutation: Your system is resistant to poisons.
                  | (rPois) [Green Draconian growth]
  3887 | D:4      | Learned a level 4 spell: Olgreb's Toxic Radiance
  4092 | D:4      | Found Tinlaala's Antique Weapon Emporium.
  4101 | D:4      | Found a runed translucent door.
  4107 | D:4      | Noticed hgbash's ghost (amateur GrCj)
  4108 | D:4      | Found Izimyuc's Armour Emporium.
  4125 | D:4      | Noticed Menkaure
  4134 | D:4      | Killed Menkaure
  4135 | D:4      | Reached skill level 1 in Poison Magic
  4205 | D:4      | Found Nieger's Book Shoppe.
  4279 | D:3      | Became a worshipper of Vehumet
  4380 | D:4      | Found Wiham's Armour Shoppe.
  4389 | D:4      | Bought a +0 pair of gloves for 63 gold pieces
  4532 | D:5      | Entered Level 5 of the Dungeon
  5564 | D:6      | Reached skill level 5 in Poison Magic
  5729 | D:6      | Reached XP level 8. HP: 51/62 MP: 7/14
  5838 | D:4      | Bought a +1 buckler of protection for 198 gold pieces
  5932 | D:6      | Reached skill level 1 in Shields
  6043 | D:6      | Reached * piety under Vehumet
  6043 | D:6      | Offered knowledge of Shock by Vehumet.
  6148 | D:6      | Found Namixudi's Book Shoppe.
  6483 | D:6      | Found a burning altar of Makhleb.
  6801 | D:7      | Found a staircase to the Ecumenical Temple.
  6805 | D:7      | Found a flagged portal.
  6816 | Bailey   | Entered a bailey
  7117 | Bailey   | Reached skill level 5 in Spellcasting
  7130 | Bailey   | Reached skill level 5 in Shields
  7380 | Bailey   | Reached XP level 9. HP: 40/68 MP: 11/18
  7593 | Bailey   | Noticed an orc knight
  7630 | Bailey   | Killed an orc knight
  7798 | Bailey   | Acquired the Opusculum on Red-Hot Hexing
  7806 | Bailey   | Learned a level 3 spell: Ignite Poison
  8440 | D:7      | Found Agaecs's Armour Shop.
  8883 | D:8      | Reached skill level 1 in Fire Magic
  8906 | D:8      | Reached ** piety under Vehumet
  9037 | D:8      | Offered knowledge of Scorch by Vehumet.
  9038 | D:8      | Reached skill level 5 in Conjurations
  9292 | D:8      | Found a stormy altar of Qazlal.
  9305 | D:8      | Reached XP level 10. HP: 74/74 MP: 17/22
  9627 | D:8      | Found a glowing silver altar of Zin.
  9720 | D:8      | Noticed Psyche
  9725 | D:8      | Killed Psyche
  9781 | D:8      | Found an ornate altar of the Wu Jian Council.
  9902 | D:8      | Learned a level 6 spell: Iron Shot
 10489 | D:9      | Offered knowledge of Hailstorm by Vehumet.
 10588 | D:9      | Found a shadowy altar of Dithmenos.
 10720 | D:9      | Reached *** piety under Vehumet
 10736 | D:9      | Found an iron altar of Okawaru.
 10828 | D:9      | Found a hide-covered altar of Uskayaw.
 10921 | D:10     | Entered Level 10 of the Dungeon
 10936 | D:10     | Offered knowledge of Flame Wave by Vehumet.
 11237 | D:10     | Found a staircase to the Orcish Mines.
 11288 | D:10     | Found an ancient bone altar of Kikubaaqudgha.
 11330 | D:10     | Reached XP level 11. HP: 81/81 MP: 14/23
 11395 | D:10     | Found a glowing golden altar of the Shining One.
 11541 | D:10     | Identified the +3 war axe of Beushe Syut {freeze, Dex+3
                  | SInv}
 11606 | D:10     | Found a snail-covered altar of Cheibriados.
 11667 | D:10     | Found a white marble altar of Elyvilon.
 11759 | D:10     | Found a staircase to the Lair.
 11759 | D:10     | Noticed a death yak
 11762 | D:10     | Noticed a death yak
 11762 | D:10     | Noticed a death yak
 11765 | D:10     | Killed a death yak
 11765 | D:10     | Noticed a death yak
 11768 | D:10     | Noticed a death yak
 11774 | D:10     | Killed a death yak
 11775 | D:10     | Reached skill level 10 in Earth Magic
 11779 | D:10     | Killed a death yak
 11779 | D:10     | Killed a death yak
 11787 | D:10     | Killed a death yak
 12347 | D:10     | Noticed a two-headed ogre
 12355 | D:10     | Killed a two-headed ogre
 12356 | D:10     | Reached skill level 10 in Conjurations
 12434 | D:10     | Found a bloodstained altar of Trog.
 12551 | Orc:1    | Entered Level 1 of the Orcish Mines
 12555 | Orc:1    | Noticed SirDiesAlot's ghost (journeyman OgBe)
 12564 | Orc:1    | Found a runed translucent gate.
 12564 | Orc:1    | Found a runed translucent gate.
 12564 | Orc:1    | Found a runed translucent gate.
 12564 | Orc:1    | Noticed an orc knight
 12605 | Orc:1    | Reached skill level 3 in Fighting
 12701 | Orc:1    | Noticed an orc knight
 12704 | Orc:1    | Reached **** piety under Vehumet
 12717 | Orc:1    | Killed an orc knight
 12718 | Orc:1    | Reached skill level 4 in Fighting
 12886 | Orc:1    | Found Ucaucomm's Weapon Boutique.
 12887 | Orc:1    | Noticed an orc knight
 12894 | Orc:1    | Reached skill level 5 in Fighting
 12897 | Orc:1    | Killed an orc knight
 12904 | Orc:1    | Offered knowledge of Inner Flame by Vehumet.
 12905 | Orc:1    | Reached skill level 6 in Fighting
 13907 | Orc:2    | Entered Level 2 of the Orcish Mines
 13907 | Orc:2    | Noticed an orc sorcerer
 13908 | Orc:2    | Noticed an orc sorcerer
 13908 | Orc:2    | Paralysed by an orc sorcerer for 4 turns
 13908 | Orc:2    | Noticed an orc knight
 13910 | Orc:2    | Noticed an orc knight
 13911 | Orc:2    | Noticed an orc warlord
 13912 | Orc:2    | Killed an orc sorcerer
 13912 | Orc:2    | Noticed an orc high priest
 13913 | Orc:2    | Reached skill level 7 in Fighting
 13913 | Orc:2    | Noticed an orc sorcerer
 13913 | Orc:2    | Noticed an orc warlord
 13914 | Orc:2    | Killed an orc sorcerer
 13915 | Orc:2    | Reached skill level 8 in Fighting
 13915 | Orc:2    | Reached XP level 12. HP: 66/101 MP: 24/24
 14046 | Orc:2    | Found Niunkig's Antique Armour Shoppe.
 14047 | Orc:2    | Noticed an orc high priest
 14054 | Orc:2    | Killed an orc high priest
 14054 | Orc:2    | Killed an orc high priest
 14055 | Orc:2    | Reached skill level 9 in Fighting
 14061 | Orc:1    | Reached skill level 10 in Fighting
 14125 | Orc:1    | Reached ***** piety under Vehumet
 14255 | Orc:2    | Offered knowledge of Irradiate by Vehumet.
 14257 | Orc:2    | Reached skill level 11 in Fighting
 14258 | Orc:2    | Killed an orc warlord
 14417 | Orc:2    | Reached skill level 12 in Fighting
 14589 | Orc:2    | Found Adoufebb's General Store.
 14693 | Orc:2    | Bought a pair of twisted gloves for 275 gold pieces
 14693 | Orc:2    | Identified the +0 pair of gloves of Cyfukotu {rElec rN+
                  | rCorr} (You bought it in a shop on level 2 of the Orcish
                  | Mines)
 14716 | Orc:2    | Found Ydgh's Jewellery Emporium.
 14719 | Orc:2    | Found a staircase to the Elven Halls.
 14725 | Orc:2    | Bought a +6 ring of intelligence for 468 gold pieces
 14752 | Orc:2    | Found Xaxtom's Antique Weapon Shop.
 14760 | Orc:2    | Killed an orc warlord
 15128 | Lair:1   | Entered Level 1 of the Lair of Beasts
 15132 | Lair:1   | Reached skill level 13 in Fighting
 15189 | Lair:1   | Noticed Maggie
 15192 | Lair:1   | Noticed Urug
 15197 | Lair:1   | Killed Maggie
 15198 | Lair:1   | Reached XP level 13. HP: 82/123 MP: 18/25
 15198 | Lair:1   | Killed Urug
 15199 | Lair:1   | Reached skill level 14 in Fighting
 16746 | D:7      | Bought a +2 kite shield of protection for 301 gold pieces
 16862 | Lair:2   | Noticed Gastronok
 16869 | Lair:2   | Killed Gastronok
 16870 | Lair:2   | Reached skill level 15 in Fighting
 17453 | Lair:2   | Offered knowledge of Fireball by Vehumet.
 18153 | Lair:3   | Noticed Kirke
 18159 | Lair:3   | Killed Kirke
 18599 | Lair:3   | Reached skill level 10 in Shields
 18629 | Lair:3   | Found a staircase to the Snake Pit.
 19032 | Lair:3   | Found a staircase to the Swamp.
 19369 | Orc:2    | Bought an amulet of magic regeneration for 390 gold pieces
 19601 | Lair:4   | Gained mutation: Your tail ends in a venomous barb. [Green
                  | Draconian growth]
 19601 | Lair:4   | Reached XP level 14. HP: 135/135 MP: 21/26
 19626 | Lair:4   | Found a dark tunnel.
 19638 | Volcano  | Entered a volcano
 19826 | Volcano  | Gained mutation: Your spells are a little harder to cast,
                  | but a little more powerful. [potion of mutation]
 19826 | Volcano  | Gained mutation: You have a pair of small horns on your
                  | head. [potion of mutation]
 20059 | Volcano  | Found a bloodstained altar of Trog.
 20552 | Lair:5   | Entered Level 5 of the Lair of Beasts
 20981 | Lair:5   | Offered knowledge of Freezing Cloud by Vehumet.
 21900 | Lair:5   | Found a burning altar of Makhleb.
 21906 | Lair:5   | Found a gateway to Hell.
 22260 | Lair:5   | Found a viscous altar of Jiyva.
 22260 | Lair:5   | Found a staircase to the Slime Pits.
 22619 | Orc:1    | Killed SirDiesAlot's ghost
 22620 | Orc:1    | Reached XP level 15. HP: 95/141 MP: 7/27
 22799 | Swamp:1  | Entered Level 1 of the Swamp
 23464 | Swamp:2  | Offered knowledge of Ozocubu's Refrigeration by Vehumet.
 23655 | Swamp:2  | Reached ****** piety under Vehumet
 23713 | Swamp:2  | Noticed a thorn hunter
 23725 | Swamp:2  | Killed a thorn hunter
 24210 | Swamp:2  | Noticed Louise
 24228 | Swamp:2  | Killed Louise
 24919 | Swamp:3  | Noticed a thorn hunter
 24919 | Swamp:3  | Noticed a thorn hunter
 24923 | Swamp:3  | Found a transporter.
 24925 | Swamp:3  | Identified the amulet "Gavusuc" {Spirit +Blink rPois Dex+4}
 25065 | Swamp:3  | Found a transporter.
 25394 | Swamp:4  | Entered Level 4 of the Swamp
 25759 | Swamp:4  | Offered knowledge of Eringya's Noxious Bog by Vehumet.
 25863 | Swamp:4  | Noticed the 27-headed Lernaean hydra
 25875 | Swamp:4  | HP: 7/141 [the 27-headed Lernaean hydra (4)]
 25875 | Swamp:4  | Slain by the 27-headed Lernaean hydra

Illustrated notes

Levels and vault maps discovered:
D:1:      dpeg_arrival_shelter, layout_loops_cross, chequers_decorated_corner
D:2:      layout_loops_ring
D:3:      minmay_wonky_spiral, layout_basic, lemuel_tele_altar,
          mainiacjoe_overflow_catwalk, portal_sewer_entry_f,
          serial_bayou_pond_a, chequers_serial_rivers_room_b,
          minmay_fractal_squares_5
D:4:      layout_rooms, serial_shops, shop, nicolae_shop_tiny_waterfront,
          nicolae_book_shop_shelving, shop, shop, ebering_ghost_sewer_d,
          uniq_menkaure
D:5:      layout_loops_ring
D:6:      layout_basic, bloody_makhleb, serial_shops, shop_statue
D:7:      layout_loops_ring, minmay_temple_entry_trees, enter_bailey_5,
          serial_shops, shop, serial_aquarium, aquarium_bridge_square
          [aquarium_subvault_bridge, aquarium_subvault_wall,
          aquarium_subvault_window, aquarium_subvault_window],
          aquarium_window_corner, aquarium_window_2, aquarium_window_1,
          aquarium_view_2d, aquarium_view_2a, aquarium_balcony_1b
D:8:      layout_basic, lemuel_doored_altar,
          nicolae_wu_jian_immortal_techniques, nicolae_qazlal_style_of_elements,
          uniq_psyche
D:9:      layout_roguey [special_room_orc], nicolae_uskayaw_dance_studio,
          okawaru_altar_gauntlet_db, nicolae_dithmenos_the_darkroom
D:10:     layout_basic, grunt_temple_overflow_open,
          mainiacjoe_overflow_alcove_4, overflow_temple_1_default,
          mainiacjoe_overflow_cross_hatched, dpeg_lair_monsters, david_orc_4
Lair:1:   layout_cave_pods, chequers_serial_rivers_small_a, minivault_25, pond,
          grunt_megastairs_3, uniq_maggie, uniq_urug
Lair:2:   layout_roguey, minmay_shattered_shrine, uniq_gastronok
Lair:3:   layout_big_grid, minmay_swamp_entry_worms,
          guppyfry_snake_entry_island, uniq_kirke
Lair:4:   layout_long_grid, nicolae_volcano_entry_vermiform,
          chequers_serial_rivers_small_b
Lair:5:   evil_forest, layout_gridlike, dpeg_slime_entry_corner,
          nzn_sisyphean_effort
Swamp:1:  layout_basic_swamp, evilmike_swamp_ruin_house_1, swamp_pool1,
          hangedman_swamp_cone
Swamp:2:  layout_basic_swamp, evilmike_swamp_ruin_house_6, swamp_pool1,
          infiniplex_staircase_pool_2, uniq_louise
Swamp:3:  gammafunk_sealed_arena, layout_falls_marsh,
          nicolae_swamp_very_dense_foliage, infiniplex_staircase_pool
Swamp:4:  grunt_swamp_rune_castle, layout_basic_swamp, swamp_pool2
Orc:1:    layout_diamond_mine, serial_shops, shop, gammafunk_ghost_split
Orc:2:    grunt_orc_gardens, layout_caves, grunt_orc_garden, grunt_orc_garden,
          grunt_orc_garden, grunt_orc_garden

Skill      XL: |  1  2  3  4  5  6  7  8  9 10 11 12 13 14 15 |
---------------+----------------------------------------------+-----
Earth Magic    | 4 5 6 9 10 13 14 | 14.4
Conjurations   | 2 3 5 8 10 12 14 | 14.0
Dodging        | 2 3 |  3.1
Fighting       | 1 2 8 13 15 | 15.0
Spellcasting   | 3 4 6 8 9 |  9.7
Poison Magic   | 5 6 |  6.0
Shields        | 5 10 11 | 11.0
Fire Magic     | 1 |  1.0
Stealth        | |  1.7
Transmutations | |  1.0

Action                     |  1- 3 |  4- 6 |  7- 9 | 10-12 | 13-15 || total
---------------------------+-------+-------+-------+-------+-------++-------
  Melee: Unarmed           |     1 |     7 |       |       |       ||     8
         Trident           |       |     1 |    35 |       |       ||    36
         Tailslap          |       |       |     4 |     5 |    13 ||    22
         Staff             |       |       |     1 |    16 |    60 ||    77
         Headbutt          |       |       |       |       |    12 ||    12
   Cast: Sandblast         |    50 |   155 |   113 |    30 |    26 ||   374
         Olgreb's Toxic Ra |       |       |    40 |    76 |    73 ||   189
         Ignite Poison     |       |       |     8 |    75 |    72 ||   155
         Stone Arrow       |       |       |       |       |   253 ||   253
         Iron Shot         |       |       |       |       |    73 ||    73
Ability: Breathe Noxious F |       |       |    15 |    11 |    13 ||    39
  Evoke: Wand              |       |       |     2 |       |     4 ||     6
    Use: Scroll            |       |     8 |    12 |     1 |    13 ||    34
         Potion            |       |       |       |       |     9 ||     9
   Stab: Confused          |       |       |     1 |       |       ||     1
 Armour: Skin              |     2 |    44 |    41 |    48 |   142 ||   277
  Dodge: Dodged            |    13 |    81 |   107 |    95 |   150 ||   446
  Block: Buckler           |       |       |    33 |    49 |    13 ||    95
         Kite shield       |       |       |       |       |   267 ||   267

Table legend: (Time is in decaauts)
 A = Elapsed time spent in this place.
 B = Non-inter-level travel time spent in this place.
 C = Inter-level travel time spent in this place.
 D = Time resting spent in this place.
 E = Time spent auto-exploring this place.
 F = Levels seen in this place.
 G = Mean time per level.
                   A        B        C        D        E       F      G
               +--------+--------+--------+--------+--------+-----+--------+
         Total |  26420 |  24591 |   1829 |   2144 |  18930 |  24 | 1100.8 |
       Dungeon |  11426 |  10402 |   1024 |    274 |   8771 |  10 | 1142.6 |
          Lair |   6711 |   6314 |    397 |    446 |   5057 |   5 | 1342.2 |
         Swamp |   3251 |   3191 |     60 |    741 |   2012 |   4 |  812.8 |
  Orcish Mines |   2714 |   2367 |    347 |    508 |   1531 |   2 | 1357.0 |
         Sewer |    838 |    838 |      0 |     35 |    608 |   1 |  838.0 |
        Bailey |   1008 |   1008 |      0 |    106 |    598 |   1 | 1008.0 |
       Volcano |    469 |    469 |      0 |     34 |    351 |   1 |  469.0 |
               +--------+--------+--------+--------+--------+-----+--------+

Top non-repeatable levels by time:
   Orc:1: 2115 daAuts
    D:10: 1983 daAuts
  Lair:5: 1843 daAuts
  Lair:2: 1677 daAuts
  Lair:1: 1660 daAuts
     D:3: 1223 daAuts
     D:8: 1180 daAuts
     D:5: 1138 daAuts
 Swamp:2: 1132 daAuts
     D:6: 1117 daAuts
     D:7: 1105 daAuts
  Bailey: 1008 daAuts
     D:9: 1001 daAuts
  Lair:3: 969 daAuts
     D:1: 919 daAuts
